AoeStats
← ricky102603

Arabia

510075624Analyzed
1v1 RM · 4d ago on Sep 29, 2026· 73m 21s· 2 players
Game mode
Random Map
Map size
Tiny (2 player)
Population
200
Speed
Normal
Resources
Standard
Victory
Conquest
Starting age
Dark Age
Ending age
Imperial Age
RankedLock teamsTeams togetherTeam positionsShared explorationLock speedFull tech treeHidden civsTurbo modeCheats
Victory
Defeat
1015
+15
🇹🇼 Ethiopians · Taiwan
997
-15
ricky102603
6:57 Loom
9:23 Feudal Age
13:08 Fletching
20:50 Castle Age
19:54 Gold Mining
19:48 Horse Collar
20:11 Padded Archer Armor
20:13 Double-Bit Axe
20:49 Stone Mining
21:46 Bodkin Arrow
21:19 Crossbowman
22:49 Bodkin Arrow
24:57 Forging
24:53 Scale Barding Armor
26:43 Bow Saw
27:18 Scale Barding Armor
34:12 Thumb Ring
41:37 Imperial Age
39:39 Leather Archer Armor
41:45 Arbalester
42:28 Bracer
42:59 Ring Archer Armor
46:56 Ballistics
47:37 Chemistry
56:01 Light Cavalry
57:25 Iron Casting
57:11 Chain Barding Armor
60:43 Blast Furnace
61:15 Hussar
63:42 Husbandry
Cyborg Ninja Guardia Sivil
8:14 Loom
10:25 Feudal Age
15:42 Double-Bit Axe
18:18 Padded Archer Armor
18:26 Horse Collar
19:27 Fletching
23:12 Castle Age
22:36 Gold Mining
24:16 Leather Archer Armor
23:35 Elite Skirmisher
24:26 Husbandry
25:29 Bodkin Arrow
28:27 Scale Barding Armor
29:19 Wheelbarrow
29:25 Ballistics
31:59 Forging
33:26 Bow Saw
34:29 Heavy Plow
36:29 Chain Barding Armor
39:04 Iron Casting
39:07 Hand Cart
44:27 Imperial Age
46:57 Chemistry
48:50 Bracer
49:21 Ring Archer Armor
49:15 Bombard Tower
48:37 Cavalier
51:32 Light Cavalry
53:15 Plate Barding Armor
54:46 Heavy Camel Rider
58:25 Redemption
58:51 Stone Mining
59:36 Gold Shaft Mining
60:00 Conscription
61:17 Stone Shaft Mining
61:30 Treadmill Crane
61:45 Murder Holes
66:30 Hussar
Connection lost

Rejoining the realm…

Still unreachable

The connection could not be restored.

Session expired

The server has moved on; the page needs a fresh start.